 Dungeon Sprint DCSS version 0.29-a0-284-gf9362112df (webtiles) character file.

Game seed: 7258358960701243123

7007 garrulousMonolith the Spear-Bearer (level 10, -19/86 HPs)
             Began as a Demonspawn Fighter on Mar 28, 2022.
             Was an Initiate of Yredelemnul.
             Demolished by a boulder beetle (38 damage)
             ... in the Dungeon (Sprint VII: "The Pits").
             The game lasted 00:06:12 (2248 turns).

garrulousMonolith the Spear-Bearer (DsFi)           Turns: 2248, Time: 00:06:12

Health: -19/86     AC: 27    Str: 20    XL:     10   Next: 82%
Magic:  19/19      EV: 13    Int: 14    God:    Yredelemnul [......]
Gold:   0          SH: 10    Dex: 15    Spells: 9/9 levels left

rFire   . . .      SeeInvis .   k - +3 spear (vamp)
rCold   . . .      Faith    .   c - +0 buckler
rNeg    . . .      Spirit   .   v - +3 plate armour
rPois   .          Reflect  .   w - +0 helmet
rElec   .          Harm     .   x - +0 cloak
rCorr   .          Rampage  .   b - +0 pair of gloves {Dex+3}
Will    .....      NoTele   +   (no boots)
Stlth   ..........              (no amulet)
HPRegen 0.24/turn               s - +3 ring of evasion
MPRegen 0.32/turn               t - +3 ring of strength

@: sanguine armoured
A: claws 1, magic regeneration, sanguine armour 1, condensation shield
a: Renounce Religion, Recall Undead Harvest


You were in the Dungeon.
You worshipped Yredelemnul.
Yredelemnul was pleased with you.
You visited 1 branch

Inventory:

Hand Weapons
 k - a +3 vampiric spear (weapon)
 q - a +2 vorpal trident
Missiles
 l - 10 stones (quivered)
 r - 3 silver boomerangs
Armour
 b - a +0 pair of gloves of dexterity (worn)
 c - a +0 buckler (worn)
 v - a +3 plate armour (worn)
 w - a +0 helmet (worn)
 x - a +0 cloak (worn)
Jewellery
 s - a +3 ring of evasion (left hand)
 t - a +3 ring of strength (right hand)
Scrolls
 j - a scroll of blinking
 m - 5 scrolls of amnesia
 o - 2 scrolls of vulnerability
Potions
 a - 2 potions of invisibility
 d - a potion of might
 e - 6 potions of curing
 f - 3 potions of heal wounds
 g - a potion of haste
 h - 4 potions of magic
 i - 5 potions of berserk rage
 u - a potion of resistance


   Skills:
 + Level 10.6 Fighting
 * Level 13.2 Polearms
 + Level 9.8 Armour
 + Level 9.3 Dodging
 + Level 9.7 Shields
 + Level 13.0 Invocations


You had 9 spell levels left.
You didn't know any spells.
Your spell library was empty.

Dungeon Overview and Level Annotations

Branches:
Dungeon (1/1)

Altars:
Ashenzari
Cheibriados
Dithmenos
Elyvilon
Fedhas
Gozag
Hepliaklqana
Kikubaaqudgha
Makhleb
Nemelex Xobeh
Okawaru
Qazlal
Ru
Sif Muna
Trog
Uskayaw
Vehumet
Wu Jian
Xom
Yredelemnul
Zin
The Shining One
Beogh
Jiyva
Lugonu


Innate Abilities, Weirdness & Mutations

You have sharp fingernails.
You regenerate magic rapidly.
When seriously injured, your blood forms armour. (AC +6)
A meltable shield of frost defends you. (SH +4)


Message History

The boulder beetle is heavily wounded.
The boulder beetle leaps!
You hit the rat.
You feel better.
The rat is heavily wounded.
Your small abomination closely misses the rat.
The rat bites you but does no damage.
You puncture the rat!
You kill the rat!
The boulder beetle curls into a ball and begins rolling!
You swap places.
The boulder beetle hits your small abomination!!!
Your small abomination is destroyed!
Your small abomination dissolves into shadows!
The boulder beetle stops rolling and uncurls.
The boulder beetle bites your small abomination!
Your small abomination hits the boulder beetle but does no damage.
Your small abomination hits the boulder beetle.
The boulder beetle barely misses your small abomination.
Your small abomination hits the boulder beetle.
The boulder beetle bites your small abomination!!
Your small abomination is destroyed!
Your small abomination dissolves into shadows!
Your small abomination hits the boulder beetle but does no damage.
Reach: k) +3 spear (vamp)
Press: ? - help, Dir - move target, f - boulder beetle
Aim: a boulder beetle (heavily wounded, not watching you, ally target, about 8% to evade your +3 vampiric spear)
You reach to attack!
You hit the boulder beetle.
You feel better.
The boulder beetle is heavily wounded.
The boulder beetle curls into a ball and begins rolling!
Your small abomination hits the boulder beetle.
Reach: k) +3 spear (vamp)
Press: ? - help, Dir - move target, f/p - boulder beetle
Aim: a boulder beetle (heavily wounded, rolling, ally target, about 8% to evade your +3 vampiric spear)
You reach to attack!
You hit the boulder beetle but do no damage.
The boulder beetle is heavily wounded.
Your small abomination hits the boulder beetle but does no damage.
The boulder beetle hits you!!!
You die...
Your body rises from the dead as a mindless zombie.

........# .#......#
........+ ........+
.#......# ........#
#''###### #''#
############## ###
#..#
...........@.###..#
#..#
............Bx#..#
#..####...#+######°..#
#..#..#####.##...##'##
#..#....##...#...#...#
#..).....#...#...#...#
#..'.....'...'...+...+
#..'.....#...#...#...#
#..#....##...#...#...#


You could see a boulder beetle (rolling, ally target) and a friendly small
abomination (summoned).

Vanquished Creatures
  A two-headed ogre (D)
  A manticore (D)
  A rime drake (D)
  2 polar bears (D)
  A wyvern (D)
  4 yaks (D)
  A fire bat (D)
  An acid dragon (D)
  A floating eye (D)
  Pargi (D)
  An ice beast (D)
  A gnoll sergeant (D)
  A scorpion (D)
  A wight (D)
  A crimson imp (D)
  A gnoll (D)
  3 adders (D)
  A river rat (D)
  A bat (D)
  A hobgoblin (D)
  4 jackals (D)
  A kobold (D)
  A ball python skeleton (D)
  A rat (D)
33 creatures vanquished.

Vanquished Creatures (collateral kills)
  An eidolon (D)
  A boulder beetle (D)
  A lindwurm (D)
  A manticore (D)
  A guardian mummy (D)
  An ice devil (D)
  5 blink frogs (D)
  A vampire (D)
  A redback (D)
  Crazy Yiuf (D)
  Jessica (D)
  2 hell rats (D)
  An adder skeleton (D)
  An adder zombie (D)
  A worm (D)
  An orc (D)
  A jackal zombie (D)
22 creatures vanquished.

Vanquished Creatures (others)
  A redback zombie (D)
  A spectral ice devil (D)
  A spectral fire bat (D)
  2 blink frog zombies (D)
  2 manticore zombies (D)
  A wyvern zombie (D)
  2 yak zombies (D)
  A spectral ice beast (D)
  An acid dragon zombie (D)
  A spectral crimson imp (D)
  2 hell rat zombies (D)
  A gnoll zombie (D)
  An adder zombie (D)
  A river rat zombie (D)
  A hobgoblin zombie (D)
  2 jackal zombies (D)
21 creatures vanquished.

Grand Total: 76 creatures vanquished

Notes
Turn   | Place    | Note
-------+----------+-------------------------------------------
     0 | D        | garrulousMonolith the Demonspawn Fighter began the quest
                  | for the Orb.
     0 | D        | Reached XP level 1. HP: 18/18 MP: 1/1
     8 | D        | Noticed a floating eye
    13 | D        | Paralysed by a floating eye for 3 turns
    17 | D        | Killed a floating eye
    18 | D        | Gained mutation: You regenerate magic rapidly. [demonic
                  | ancestry]
    18 | D        | Reached XP level 2. HP: 26/26 MP: 1/5
    18 | D        | Gained mutation: A meltable shield of frost defends you.
                  | (SH +4) [demonic ancestry]
    18 | D        | Reached XP level 3. HP: 31/31 MP: 1/6
    18 | D        | Gained mutation: You have sharp fingernails. [demonic
                  | ancestry]
    18 | D        | Reached XP level 4. HP: 38/38 MP: 1/7
    80 | D        | Found a basalt altar of Yredelemnul.
    80 | D        | Found a shimmering altar of Xom.
    80 | D        | Found an ornate altar of the Wu Jian Council.
    80 | D        | Found a bloodstained altar of Trog.
    80 | D        | Found a shimmering blue altar of Sif Muna.
    80 | D        | Found a sacrificial altar of Ru.
    80 | D        | Found a stormy altar of Qazlal.
    80 | D        | Found an iron altar of Okawaru.
    80 | D        | Found a sparkling altar of Nemelex Xobeh.
    80 | D        | Found a burning altar of Makhleb.
    80 | D        | Found a viscous altar of Jiyva.
    80 | D        | Found a hazy altar of Hepliaklqana.
    80 | D        | Found an opulent altar of Gozag.
    80 | D        | Found a blossoming altar of Fedhas.
    80 | D        | Found a shadowy altar of Dithmenos.
    80 | D        | Found a snail-covered altar of Cheibriados.
    81 | D        | Found a radiant altar of Vehumet.
    81 | D        | Found a corrupted altar of Lugonu.
    82 | D        | Found a hide-covered altar of Uskayaw.
    82 | D        | Found an ancient bone altar of Kikubaaqudgha.
    82 | D        | Found a broken altar of Ashenzari.
    86 | D        | Became a worshipper of Yredelemnul the Dark
   139 | D        | Reached skill level 5 in Polearms
   257 | D        | Reached * piety under Yredelemnul
   260 | D        | Reached XP level 5. HP: 25/43 MP: 8/8
   446 | D        | Noticed a fire bat
   446 | D        | Noticed Crazy Yiuf
   466 | D        | Killed Crazy Yiuf
   467 | D        | Reached skill level 5 in Fighting
   467 | D        | Reached skill level 5 in Invocations
   478 | D        | Killed a fire bat
   479 | D        | Reached skill level 5 in Armour
   479 | D        | Reached skill level 5 in Shields
   479 | D        | Reached XP level 6. HP: 35/52 MP: 3/10
   480 | D        | Reached ** piety under Yredelemnul
   590 | D        | Noticed an acid dragon
   600 | D        | Killed an acid dragon
   748 | D        | Noticed Pargi
   748 | D        | Noticed an ice beast
   751 | D        | Reached skill level 5 in Dodging
   751 | D        | Reached XP level 7. HP: 52/59 MP: 12/12
   788 | D        | Killed Pargi
   791 | D        | Reached *** piety under Yredelemnul
   920 | D        | Noticed a guardian mummy
   927 | D        | Killed a guardian mummy
   928 | D        | Reached XP level 8. HP: 34/67 MP: 10/14
  1315 | D        | Noticed Jessica
  1315 | D        | Noticed an ice devil
  1322 | D        | Killed Jessica
  1349 | D        | Killed an ice devil
  1478 | D        | Noticed a blink frog
  1478 | D        | Noticed a blink frog
  1478 | D        | Noticed a blink frog
  1478 | D        | Noticed a blink frog
  1478 | D        | Noticed an eidolon
  1480 | D        | Noticed a blink frog
  1486 | D        | Killed a blink frog
  1497 | D        | Killed a blink frog
  1498 | D        | Reached skill level 10 in Polearms
  1508 | D        | HP: 2/66 [blink frog (6)]
  1511 | D        | Killed an eidolon
  1512 | D        | Reached skill level 10 in Invocations
  1512 | D        | Gained mutation: When seriously injured, your blood forms
                  | armour. (AC +6) [demonic ancestry]
  1512 | D        | Reached XP level 9. HP: 52/75 MP: 16/16
  1810 | D        | Noticed a manticore
  1811 | D        | Noticed a two-headed ogre
  1811 | D        | Noticed a polar bear
  1811 | D        | Noticed a rime drake
  1819 | D        | Killed a rime drake
  1823 | D        | Noticed a lindwurm
  1830 | D        | Killed a polar bear
  1859 | D        | Reached XP level 10. HP: 53/83 MP: 18/18
  1880 | D        | Killed a lindwurm
  1897 | D        | Killed a two-headed ogre
  1898 | D        | Reached skill level 10 in Fighting
  1908 | D        | Killed a manticore
  2146 | D        | Noticed a manticore
  2162 | D        | Killed a manticore
  2173 | D        | Noticed a boulder beetle
  2174 | D        | Noticed a boulder beetle
  2235 | D        | Killed a boulder beetle
  2248 | D        | Demolished by a boulder beetle

Illustrated notes

Levels and vault maps discovered:
D:        pitsprint [storerooms_1, entrance_room_1, metal_vault_1, armoury_1,
          mini_pit_1, grid_room_1, main_hall_1, silver_pit, the_coven_2,
          the_vestibule_1, steel_vault_2, golden_pit, hallway_of_sentries,
          crystal_vault_4, iron_vault_4, final_vault]

Skill      XL: |  1  2  3  4  5  6  7  8  9 10 |
---------------+-------------------------------+-----
Fighting       | 4 5 6 7 8 9 10 | 10.6
Polearms       | 4 5 6 7 8 10 11 13 | 13.2
Armour         | 4 5 6 7 8 9 |  9.8
Dodging        | 2 3 4 5 7 8 9 |  9.3
Shields        | 4 5 6 7 8 9 |  9.7
Invocations    | 4 6 7 8 10 11 13 | 13.0

Action                   |  1- 3 |  4- 6 |  7- 9 | 10-12 || total
-------------------------+-------+-------+-------+-------++-------
Melee: Trident           |     7 |    87 |    28 |       ||   122
       Spear             |       |       |   118 |   134 ||   252
Throw: Stone             |       |     2 |       |       ||     2
Invok: Dark Bargain      |       |       |     2 |       ||     2
       Recall Undead Har |       |       |       |     1 ||     1
  Use: Potion            |       |     4 |     7 |     1 ||    12
       Scroll            |       |       |       |     1 ||     1
 Stab: Distracted        |       |     1 |     2 |       ||     3
Armor: Scale mail        |       |    22 |       |       ||    22
       Plate armour      |       |    14 |    72 |    32 ||   118
Dodge: Dodged            |       |    34 |    44 |    40 ||   118
Block: Buckler           |       |    52 |    55 |    48 ||   155

Table legend: (Time is in decaauts)
 A = Elapsed time spent in this place.
 B = Non-inter-level travel time spent in this place.
 C = Inter-level travel time spent in this place.
 D = Time resting spent in this place.
 E = Time spent auto-exploring this place.
 F = Levels seen in this place.
 G = Mean time per level.
                   A        B        C        D        E       F      G
               +--------+--------+--------+--------+--------+-----+--------+
         Total |   2153 |   2153 |      0 |   1426 |      2 |   1 | 2153.0 |
       Dungeon |   2153 |   2153 |      0 |   1426 |      2 |   1 | 2153.0 |
               +--------+--------+--------+--------+--------+-----+--------+

Top non-repeatable levels by time:
       D: 2153 daAuts
